 Dungeon Sprint DCSS version 0.28-a0-2-g643f2454ad (webtiles) character file.

Game seed: 8449517941511284029

648 night the Thaumaturge (level 7, -26/50 HPs)
             Began as a Purple Draconian Air Elementalist on July 22, 2021.
             Was an Initiate of Gozag.
             Killed from afar by a tengu conjurer (33 damage)
             ... with a bolt of lightning
             ... in the Dungeon (Sprint IX: "|||||||||||||||||||||||||||||").
             The game lasted 00:03:40 (641 turns).

night the Thaumaturge (DrAE)                         Turns: 641, Time: 00:03:40

Health: -26/50     AC:  7    Str: 14    XL:     7   Next: 27%
Magic:  12/20      EV: 14    Int: 17    God:    Gozag
Gold:   414        SH:  0    Dex: 11    Spells: 21/26 levels left

rFire   . . .      SeeInvis .   k - +4 quarterstaff "Goblin's Peril" {elec, rN+}
rCold   . . .      Faith    .   (shield currently unavailable)
rNeg    + . .      Spirit   .   (armour unavailable)
rPois   .          Reflect  .   (helmet restricted)
rElec   .          Harm     .   n - +0 cloak
rCorr   .          Rampage  .   (no gloves)
Will    +....      NoTele   +   (no boots)
Stlth   ++........              (no amulet)
HPRegen 0.16/turn               o - +2 ring of evasion
MPRegen 0.17/turn               p - +3 ring of strength

@: short of breath, gold aura
A: breathe power, AC +6, unfitting armour, cold-blooded
a: Breathe Dispelling Energy, Renounce Religion, Potion Petition, Call Merchant,
Bribe Branch


You were in the Dungeon.
You worshipped Gozag.
Gozag was aware of your devotion.
You visited 1 branch You collected 414 gold pieces.

Inventory:

Hand Weapons
 e - a +1 vorpal broad axe
 g - a +2 short sword of venom
 k - the +4 quarterstaff "Goblin's Peril" (weapon) {elec, rN+}
   (You found it in the Dungeon)

   It occasionally discharges a powerful burst of electricity upon striking a
   foe.
   rN:        It protects you from negative energy.
 l - a +2 rapier of venom
 m - the +2 scimitar of Kiext {freeze, rF+ Will+}
   (You found it in the Dungeon)

   It freezes those it strikes, dealing additional cold damage.
   It can also slow down cold-blooded creatures.
   rF:        It protects you from fire.
   Will:      It increases your willpower.
Missiles
 c - 9 poisoned darts
Armour
 n - a +0 cloak (worn)
Jewellery
 o - a +2 ring of evasion (left hand)
 p - a +3 ring of strength (right hand)
Wands
 j - a wand of iceblast (9)
Scrolls
 f - a scroll of blinking
 i - 2 scrolls of amnesia
Potions
 a - 5 potions of curing
 b - a potion of heal wounds
 d - 4 potions of magic


   Skills:
 - Level 1.7 Dodging
 - Level 1.7 Stealth
 + Level 10.2 Spellcasting
 + Level 9.2 Conjurations
 + Level 9.7 Air Magic


You had 21 spell levels left.
You knew the following spells:

 Your Spells              Type           Power      Damage    Failure   Level
a - Shock                 Conj/Air       100%       1d9       1%          1
b - Airstrike             Air            21%        N/A       1%          4

Your spell library contained the following spells:

 Spells                   Type           Power      Damage    Failure   Level
 Static Discharge         Conj/Air       41%        N/A       1%          2
 Swiftness                Air            42%        N/A       1%          3


Dungeon Overview and Level Annotations

Branches:
Dungeon (1/1)

Altars:
Cheibriados
Dithmenos
Elyvilon
Fedhas
Gozag
Hepliaklqana
Kikubaaqudgha
Makhleb
Nemelex Xobeh
Okawaru
Qazlal
Ru
Sif Muna
Trog
Uskayaw
Vehumet
Wu Jian
Xom
Yredelemnul
Zin
The Shining One
Beogh
Jiyva
Lugonu


Innate Abilities, Weirdness & Mutations

You can breathe bolts of dispelling energy.
Your rich purple scales are hard. (AC +6)
You cannot fit into any form of body armour.
You are cold-blooded and may be slowed by cold attacks.


Message History

* * * LOW HITPOINT WARNING * * *
Something bites you.
* * * LOW HITPOINT WARNING * * *
Something draws strength from your injuries!
Okay, then.
You feel much better. Something hits you!
* * * LOW HITPOINT WARNING * * *
Something bites you but does no damage.
Okay, then.
You sock something! You tail-slap something.
You hear some strange, mumbled words.
Something tries to affect you, but you resist.
You hit something but do no damage. Lightning courses through something!
Reactivating autopickup.
You feel a bit more experienced.
Your Conjurations skill increases to level 9!
You have reached level 7!
Your scales start taking on a rich purple colour.
You learn Spellcasting much quicker.
Your Spellcasting skill gained 2 levels and is now at level 10!
You learn Hexes much quicker.
You learn Evocations quicker.
You can breathe bolts of dispelling energy.
Press: ? - help, Shift-Dir - straight line, f - tengu conjurer
Aim: a tengu conjurer, wearing a +0 buckler You breathe a bolt of dispelling energy.
The bolt of dispelling energy misses the tengu conjurer.
The bolt of dispelling energy hits the battlesphere!
The battlesphere is severely damaged.
The tengu conjurer completely misses you. x2
The tengu conjurer claws you but does no damage.
You miss the tengu conjurer.
Your tail-slap misses the tengu conjurer.
The tengu conjurer hits you.
* * * LOW HITPOINT WARNING * * *
The tengu conjurer barely misses you. The tengu conjurer misses you.
The tengu conjurer gestures at you while chanting.
The bolt of lightning hits you!!
Ouch! That really hurt!
You die...
Your body crumbles into a pile of gold.

▓▓▓
▓<▓
▓.▓
▓@▓
▓Q▓
▓'▓
▓*▓
▓.▓
▓.▓
▓.▓
▓)▓
▓'▓


You could see a tengu conjurer and a battlesphere.

Vanquished Creatures
  A vampire (D)
  A wraith (D)
  A yak (D)
  An orc warrior (D)
  2 kobold brigands (D)
  An adder zombie (D)
  3 orcs (D)
  A ball python (D)
  An endoplasm (D)
  2 hobgoblins (D)
  A ball python skeleton (D)
  A ball python zombie (D)
  A kobold (D)
17 creatures vanquished.

Notes
Turn   | Place    | Note
-------+----------+-------------------------------------------
     0 | D        | night the Draconian Air Elementalist began the quest for
                  | the Orb.
     0 | D        | Reached XP level 1. HP: 14/14 MP: 3/3
     7 | D        | Reached skill level 2 in Conjurations
   285 | D        | Reached XP level 2. HP: 20/20 MP: 2/5
   287 | D        | Reached skill level 3 in Spellcasting
   347 | D        | Found a snail-covered altar of Cheibriados.
   347 | D        | Found a shadowy altar of Dithmenos.
   347 | D        | Found a white marble altar of Elyvilon.
   347 | D        | Found a blossoming altar of Fedhas.
   347 | D        | Found an opulent altar of Gozag.
   348 | D        | Found a hazy altar of Hepliaklqana.
   349 | D        | Found a viscous altar of Jiyva.
   350 | D        | Found an ancient bone altar of Kikubaaqudgha.
   351 | D        | Found a corrupted altar of Lugonu.
   352 | D        | Found a burning altar of Makhleb.
   353 | D        | Found a sparkling altar of Nemelex Xobeh.
   354 | D        | Found an iron altar of Okawaru.
   355 | D        | Became a worshipper of Gozag Ym Sagoz the Greedy
   356 | D        | Found a stormy altar of Qazlal.
   357 | D        | Found a sacrificial altar of Ru.
   358 | D        | Found a shimmering blue altar of Sif Muna.
   359 | D        | Found a bloodstained altar of Trog.
   360 | D        | Found a hide-covered altar of Uskayaw.
   361 | D        | Found a radiant altar of Vehumet.
   362 | D        | Found an ornate altar of the Wu Jian Council.
   363 | D        | Found a shimmering altar of Xom.
   364 | D        | Found a basalt altar of Yredelemnul.
   365 | D        | Found a glowing silver altar of Zin.
   366 | D        | Found a glowing golden altar of the Shining One.
   382 | D        | Got the +4 quarterstaff "Goblin's Peril" {elec, rN+}
   382 | D        | Got the +2 scimitar of Kiext {freeze, rF+ Will+}
   399 | D        | Noticed a yak
   399 | D        | Noticed a kobold brigand
   399 | D        | Noticed a wraith
   399 | D        | Noticed an orc warrior
   399 | D        | Noticed a kobold brigand
   416 | D        | Killed a yak
   417 | D        | Reached skill level 5 in Spellcasting
   417 | D        | Reached skill level 5 in Conjurations
   417 | D        | Reached XP level 3. HP: 6/26 MP: 3/9
   417 | D        | Reached XP level 4. HP: 8/33 MP: 3/11
   422 | D        | Killed a kobold brigand
   423 | D        | Reached skill level 6 in Spellcasting
   423 | D        | Reached XP level 5. HP: 10/38 MP: 2/13
   431 | D        | Killed a wraith
   432 | D        | Reached skill level 7 in Spellcasting
   432 | D        | Reached XP level 6. HP: 45/45 MP: 3/16
   437 | D        | Killed an orc warrior
   443 | D        | Reached skill level 8 in Spellcasting
   568 | D        | Noticed a vampire
   568 | D        | Noticed a tengu conjurer
   568 | D        | Noticed a cyclops
   568 | D        | Noticed a boulder beetle
   568 | D        | Noticed a vampire mosquito
   568 | D        | Noticed an orb spider
   627 | D        | Learned a level 4 spell: Airstrike
   635 | D        | HP: 5/45 [something (5)]
   639 | D        | Killed a vampire
   640 | D        | Your scales start taking on a rich purple colour.
   640 | D        | Reached skill level 10 in Spellcasting
   640 | D        | Reached XP level 7. HP: 12/50 MP: 12/20
   641 | D        | HP: 7/50 [tengu conjurer (6)]
   641 | D        | Killed from afar by a tengu conjurer

Illustrated notes

Levels and vault maps discovered:
D:        linesprint [early_d, line_temple, items_1, d_10, items_2, lair_1,
          lair_end, items_3, orc_1, orc_end, items_4, d_15, swamp_1, shoals_1,
          snake_1, spider_1, d_20, vaults_1, items_5, swamp_end, shoals_end,
          snake_end, spider_end, vaults_end, d_27, items_6, zot_1, zot_end,
          crypt_end, forest_end, elf_end, slime_end, tomb_end, abyss_end,
          pan_hell_end]

Skill      XL: |  1  2  3  4  5  6 |
---------------+-------------------+-----
Conjurations   | 2 5 6 7 9 |  9.2
Spellcasting   | 5 6 7 10 | 10.2
Air Magic      | 6 7 8 9 |  9.7
Dodging        | |  1.7
Stealth        | |  1.7

Action                   |  1- 3 |  4- 6 |  7- 9 || total
-------------------------+-------+-------+-------++-------
Melee: Unarmed           |     4 |       |       ||     4
       Tailslap          |     1 |     4 |       ||     5
       Quarterstaff      |     3 |    24 |     1 ||    28
       Short sword       |     3 |       |       ||     3
 Cast: Shock             |    11 |     2 |       ||    13
       Airstrike         |       |     2 |       ||     2
 Abil: Breathe Dispellin |       |       |     1 ||     1
Evoke: Wand              |     1 |       |       ||     1
  Use: Potion            |     2 |     3 |       ||     5
       Scroll            |       |     1 |       ||     1
Armor: Skin              |     2 |     3 |     1 ||     6
Dodge: Dodged            |     9 |    13 |     4 ||    26

Table legend: (Time is in decaauts)
 A = Elapsed time spent in this place.
 B = Non-inter-level travel time spent in this place.
 C = Inter-level travel time spent in this place.
 D = Time resting spent in this place.
 E = Time spent auto-exploring this place.
 F = Levels seen in this place.
 G = Mean time per level.
                   A        B        C        D        E       F      G
               +--------+--------+--------+--------+--------+-----+--------+
         Total |    641 |    641 |      0 |    399 |      7 |   1 |  641.0 |
       Dungeon |    641 |    641 |      0 |    399 |      7 |   1 |  641.0 |
               +--------+--------+--------+--------+--------+-----+--------+

Top non-repeatable levels by time:
       D: 641 daAuts
